Map: Nightscape LE

Players

PoulyCroC - Winner!

  • Race: Terran Terran
  • League: Diamond
  • Spawn Location: 1:00

Blackprisme - Winner!

  • Race: Terran Terran
  • League: Diamond
  • Spawn Location: 1:00

Massa

  • Race: Terran Terran
  • League: Platinum
  • Spawn Location: 7:00

qqq

  • Race: Zerg Zerg
  • Spawn Location: 7:00

VOD

Have the link to the VOD?

Description

Time

  • Played on: Nov. 5, 2020, 3:24 p.m.
  • Length: 10:03
Show
View Real Time Build Order
Export as new Build Order

PoulyCroC Terran - Winner!

Build Orders:  

Get SALT Encoding   

  12  0:00  SCV  
  13  0:12  SCV  
  14  0:17  Supply Depot  
  14  0:25  SCV  
  14  0:28  Refinery  
  15  0:39  SCV  
  16  0:45  Barracks  
  16  0:51  SCV  
  16  0:56  Refinery  
  17  1:03  SCV  
  18  1:15  SCV  
  19  1:27  SCV  
  20  1:33  Reaper  
  20  1:37  Factory  
  22  1:47  Orbital Command  
  21  2:00  Supply Depot  
  21  2:07  Reaper  
  22  2:24  Hellion  
  22  2:29  Command Center  
  24  2:31  SCV  
  25  2:40  Reaper  
  26  2:49  SCV  
  27  2:55  Supply Depot  
  27  2:57  Starport  
  27  3:01  SCV  
  28  3:06  Factory Reactor  
  29  3:15  Barracks Reactor  
  29  3:17  SCV  
  29  3:23  Barracks  
  29  3:26  Barracks  
  29  3:29  SCV  
  30  3:34  Viking  
  32  3:44  SCV  
  33  3:56  Marine x2  
  35  4:05  SCV  
  35  4:08  Orbital Command  
  36  4:10  Factory Tech Lab  
  36  4:15  Supply Depot  
  36  4:18  SCV  
  36  4:19  Marine  
  36  4:20  Marine  
  39  4:24  Barracks Tech Lab  
  39  4:30  SCV  
  40  4:32  Marine x2  
  42  4:38  Engineering Bay  
  42  4:39  Orbital Command  
  42  4:42  SCV  
  43  4:48  Supply Depot  
  43  4:51  Stimpack  
  46  4:52  Siege Tank  
  46  4:55  Starport Reactor  
  46  5:03  SCV, Marine x2  
  46  5:04  Marine  
  50  5:08  SCV  
  50  5:09  Marine x2  
  53  5:15  SCV  
  54  5:21  Marine x2  
  54  5:23  SCV  
  54  5:27  SCV, Missile Turret  
  58  5:36  SCV  
  58  5:38  Missile Turret  
  58  5:39  SCV  
  60  5:45  Medivac  
  60  5:47  Terran Infantry Weapons Level 1  
  60  5:48  SCV  
  63  5:51  SCV  
  63  5:53  Marine x3  
  63  5:55  Marine  
  68  6:00  Refinery, SCV  
  69  6:04  Marine  
  70  6:16  Command Center  
  70  6:17  Supply Depot  
  70  6:24  Sensor Tower  
  70  6:32  Supply Depot  
  70  6:38  SCV x2, Marine x3, Medivac  
  77  6:52  Marine  
  77  6:53  Marine  
  76  6:55  Supply Depot  
  76  6:57  SCV  
  72  7:04  Combat Shield  
  72  7:09  Armory  
  72  7:12  Marine x2  
  72  7:13  Missile Turret  
  74  7:17  SCV  
  74  7:21  Supply Depot  
  75  7:26  Marine x2  
  75  7:27  Barracks x2, Marine  
  75  7:28  Barracks  
  78  7:33  Missile Turret  
  78  7:34  Missile Turret  
  78  7:38  Engineering Bay  
  78  7:42  Terran Infantry Armor Level 1  
  78  7:50  Marine x4  
  78  7:51  Marine  
  83  7:54  Refinery  
  83  7:56  Missile Turret  
  83  7:59  Terran Vehicle Weapons Level 1  
  83  8:00  SCV  
  83  8:03  SCV  
  85  8:08  Marine x2  
  85  8:12  Planetary Fortress  
  87  8:13  SCV  
  87  8:18  Marine  
  87  8:19  Marine x2  
  91  8:22  Marine x2  
  93  8:28  SCV  
  93  8:32  Medivac  
  96  8:36  Marine  
  96  8:38  Missile Turret  
  96  8:45  Missile Turret  
  94  8:51  Marine x4  
  94  8:53  Medivac  
  100  8:56  SCV  
  100  9:02  Medivac  
  103  9:08  Marine x3  
  96  9:17  SCV x2  
  96  9:18  Marine x2  
  96  9:21  Marine  
  94  9:32  Marine x4  
  94  9:34  SCV x2  
  94  9:35  SCV  
  100  9:40  Marine x2  
  100  9:45  Supply Depot x3  
  102  9:46  SCV x2  
  106  9:56  Missile Turret  
Show
View Real Time Build Order
Export as new Build Order

Blackprisme Terran - Winner!

Build Orders:  

Get SALT Encoding   

  12  0:02  SCV  
  13  0:14  SCV  
  13  0:18  Supply Depot  
  14  0:26  SCV  
  15  0:32  Refinery  
  15  0:39  SCV  
  16  0:45  Barracks  
  16  0:51  SCV  
  17  1:22  SCV  
  17  1:31  Command Center  
  16  1:46  Barracks Reactor  
  16  1:49  Orbital Command  
  16  2:14  SCV  
  17  2:22  Marine x2  
  19  2:26  SCV, Factory  
  19  2:29  Refinery  
  20  2:38  SCV  
  20  2:40  Marine x2  
  20  2:42  Supply Depot  
  23  2:50  Orbital Command  
  23  3:03  Marine x2  
  25  3:10  SCV  
  26  3:16  Starport  
  26  3:18  Orbital Command  
  26  3:21  Marine x2  
  28  3:32  SCV  
  28  3:34  Factory Reactor  
  29  3:39  Marine x2  
  31  3:43  SCV  
  31  3:44  SCV  
  33  3:54  Medivac  
  35  3:57  Marine x2  
  37  4:05  Command Center  
  37  4:09  SCV  
  38  4:14  Marine  
  38  4:15  Widow Mine, Marine  
  38  4:16  Widow Mine  
  44  4:19  SCV  
  44  4:21  SCV  
  46  4:24  Supply Depot  
  46  4:36  Supply Depot  
  46  4:39  Engineering Bay  
  46  4:46  Widow Mine x2, SCV, Medivac  
  46  4:48  SCV  
  54  4:57  Marine x2  
  56  5:15  SCV x2, Marine  
  56  5:18  Barracks  
  60  5:21  SCV  
  60  5:27  SCV  
  61  5:29  SCV  
  61  5:32  Marine  
  61  5:33  Marine  
  64  5:42  Widow Mine x2  
  68  5:45  SCV x2  
  68  5:49  Command Center  
  63  5:55  Orbital Command  
  62  5:57  SCV  
  62  5:58  Barracks  
  62  6:00  Terran Infantry Weapons Level 1  
  62  6:03  SCV  
  64  6:04  Missile Turret  
  64  6:06  Marine  
  64  6:07  Marine  
  66  6:23  Orbital Command  
  66  6:29  Orbital Command, Engineering Bay, Barracks Tech Lab  
  66  6:31  Armory  
  66  6:33  Barracks  
  66  6:34  Barracks  
  66  6:48  Marine x2  
  68  6:58  SCV  
  69  7:06  Orbital Command, Marine x2  
  69  7:08  Factory Tech Lab  
  71  7:09  Marine x2  
  71  7:13  Stimpack  
  71  7:23  Marine x2  
  71  7:24  Marine x2  
  71  7:26  Marine x2  
  76  7:33  SCV  
  76  7:35  SCV x2  
  76  7:36  Terran Infantry Armor Level 1  
  79  7:40  Marine  
  79  7:41  Marine  
  79  7:42  Marine x2  
  76  7:44  Marine x2  
  75  7:58  Marine x2  
  75  8:01  SCV x3  
  75  8:02  SCV, Marine x4  
  75  8:10  Missile Turret  
  74  8:16  Marine  
  75  8:21  Medivac  
  77  8:30  Marine x2  
  77  8:31  Marine  
  80  8:37  Siege Tank  
  80  8:41  Marine x2  
  81  8:45  Orbital Command  
  81  8:46  Missile Turret  
  81  8:48  Hi-Sec Auto Tracking  
  83  8:50  Missile Turret  
  83  8:54  SCV x2  
  85  9:05  Marine  
  85  9:06  Marine x4  
  90  9:12  Marine  
  91  9:23  Marine  
  92  9:25  Marine  
  92  9:30  Marine x2  
  92  9:35  Marine  
  92  9:37  Marine  
  92  9:41  Marine  
  92  9:42  Marine  
Show
View Real Time Build Order
Export as new Build Order

Massa Terran 

Build Orders: Liberator Opening 

Get SALT Encoding   

  12  0:00  SCV  
  13  0:12  SCV  
  14  0:18  Refinery  
  14  0:25  Supply Depot  
  14  0:29  SCV  
  15  0:46  SCV  
  15  0:47  Barracks  
  16  0:58  SCV  
  17  1:12  SCV  
  18  1:24  SCV  
  19  1:36  SCV  
  20  1:42  Reaper  
  21  1:50  Command Center  
  21  1:52  Orbital Command  
  21  2:11  Factory  
  21  2:14  Marine  
  22  2:18  SCV  
  23  2:32  Supply Depot  
  23  2:42  Barracks Reactor  
  23  2:53  SCV  
  24  2:59  Factory Reactor  
  24  3:05  Orbital Command, SCV  
  24  3:10  Starport  
  24  3:11  Engineering Bay  
  25  3:14  Refinery  
  25  3:17  SCV  
  26  3:20  Barracks  
  26  3:25  Marine x2  
  28  3:30  SCV  
  29  3:35  SCV  
  29  3:41  Hellion x2  
  34  3:42  SCV, Marine  
  34  3:43  Marine  
  34  3:47  SCV  
  36  3:53  Liberator  
  36  3:54  SCV  
  40  4:00  Marine x2  
  40  4:02  Hellion  
  46  4:03  Hellion  
  46  4:08  Barracks Tech Lab  
  46  4:17  Missile Turret  
  46  4:21  Missile Turret  
  46  4:22  Missile Turret  
  46  4:26  Missile Turret  
  46  4:30  Supply Depot  
  46  4:50  Stimpack  
  46  4:51  SCV x2, Marine x2  
  46  4:52  Hellion x2  
  54  4:56  Supply Depot x2  
  54  5:17  SCV x2, Medivac  
  58  5:51  SCV x2  
  60  5:57  Refinery  
  60  6:14  Missile Turret  
  60  6:15  Refinery  
  60  6:26  Refinery  
  60  6:30  Command Center  
  62  6:40  Widow Mine  
  62  6:43  Combat Shield  
  62  6:51  Supply Depot  
  62  6:52  Supply Depot x2  
  62  6:56  Command Center  
  62  7:12  Marine x2  
  62  7:13  Widow Mine x2, SCV x2, Marauder  
  70  7:17  Supply Depot x2  
  70  7:19  Supply Depot  
  70  7:25  SCV x2  
  68  7:30  Marine x2  
  68  7:34  Widow Mine, Marauder  
  74  7:40  Medivac  
  76  7:44  Widow Mine  
  78  7:52  Armory, Terran Infantry Weapons Level 1  
  78  7:56  Engineering Bay  
  73  8:10  Medivac  
  73  8:12  Missile Turret  
  75  8:23  Orbital Command  
  75  8:27  SCV x2  
  75  8:39  SCV  
  75  8:40  SCV  
  71  8:52  SCV x2  
  73  8:57  Barracks  
  73  8:58  Barracks  
  73  9:00  Barracks  
  73  9:01  Barracks, Marine x2  
  71  9:02  Factory Tech Lab  
  71  9:04  SCV x2  
  71  9:07  Marauder  
  75  9:16  SCV  
  76  9:19  Marine x2  
  80  9:28  Marauder  
Show
View Real Time Build Order
Export as new Build Order

qqq Zerg 

Build Orders: Hatch First 

Get SALT Encoding   

  12  0:00  Drone  
  13  0:10  Drone  
  14  0:38  Hatchery  
  14  0:42  Drone  
  14  0:58  Spawning Pool  
  13  1:06  Overlord  
  13  1:21  Drone, Overlord  
  14  1:34  Extractor, Drone x2  
  15  1:45  Drone  
  15  1:46  Queen  
  18  1:54  Drone  
  18  1:56  Drone  
  20  2:01  Drone  
  20  2:07  Drone  
  22  2:15  Queen  
  24  2:18  Drone  
  25  2:25  Drone  
  25  2:29  Drone  
  27  2:31  Drone  
  28  2:50  Lair  
  28  2:51  Drone x2  
  30  2:54  Extractor  
  30  2:55  Drone x2  
  30  2:56  Drone  
  32  3:06  Drone x2  
  32  3:07  Zergling x2  
  35  3:16  Drone  
  35  3:18  Overlord  
  36  3:26  Overlord  
  36  3:37  Drone, Spine Crawler  
  36  3:40  Spine Crawler  
  36  3:41  Overlord x2  
  35  3:43  Drone  
  35  3:48  Metabolic Boost  
  36  3:50  Zergling x4  
  36  3:51  Zergling x2  
  39  4:00  Drone x3  
  42  4:11  Drone  
  42  4:13  Zergling x2  
  42  4:14  Spire  
  42  4:15  Drone  
  44  4:23  Drone x3  
  47  4:35  Drone  
  47  4:38  Overlord x2  
  48  4:40  Drone x3  
  48  4:42  Extractor  
  48  4:44  Extractor  
  49  5:03  Drone x2  
  49  5:05  Hatchery  
  50  5:12  Drone x3  
  50  5:13  Overlord x2  
  50  5:14  Overlord x2  
  53  5:16  Zergling x2  
  54  5:24  Zergling x2  
  54  5:28  Mutalisk  
  54  5:29  Mutalisk x2  
  60  5:47  Mutalisk  
  59  5:50  Drone, Mutalisk x2  
  64  6:03  Mutalisk x3, Zerg Flyer Weapons Level 1  
  68  6:05  Overlord x2  
  70  6:14  Mutalisk  
  72  6:24  Drone x3  
  75  6:29  Drone x2, Queen  
  79  6:35  Drone  
  79  6:37  Extractor  
  79  6:52  Hatchery  
  74  7:26  Mutalisk x6  
  74  7:27  Mutalisk  
  74  7:28  Mutalisk  
  90  7:30  Drone x2  
  90  7:31  Drone  
  93  7:37  Extractor  
  92  7:52  Mutalisk x3  
  96  8:19  Mutalisk x2  
  84  8:20  Mutalisk x2  
  84  8:24  Drone x6  
  84  8:26  Queen  
  100  8:31  Infestation Pit  
  100  8:34  Mutalisk  
  101  8:41  Pneumatized Carapace  
  101  8:52  Spine Crawler  
  101  8:53  Spine Crawler  
  99  8:58  Drone x6, Spine Crawler  
  104  9:05  Mutalisk x3, Spine Crawler  
  104  9:06  Mutalisk  
  104  9:07  Zergling x8  
  104  9:08  Zergling x6  
  107  9:30  Mutalisk x4  
  107  9:40  Zergling x4  
Tags
 
Add a new tag
Caveats
  • Supply blocks, unpowered buildings, or Contaminate may cause inaccurate times.
  • Supply counts are checked every 10 seconds.